 Dungeon Crawl Stone Soup version 0.29.1 (webtiles) character file.

Game seed: 4989591905345458100

139327 funkygono the Eclecticist (level 17, -4/92 HPs)
             Began as a Gargoyle Fire Elementalist on Sept 12, 2022.
             Was a High Priest of Vehumet.
             Slain by the 27-headed Lernaean hydra (6 damage)
             ... on level 3 of the Swamp.
             The game lasted 01:20:05 (33613 turns).

funkygono the Eclecticist (GrFE)                   Turns: 33613, Time: 01:20:05

Health: -4/92      AC: 32    Str: 11    XL:     17   Next: 28%
Magic:  24/37      EV:  9    Int: 25    God:    Vehumet [*****.]
Gold:   2279       SH: 27    Dex: 12    Spells: 17/48 levels left

rFire   + + .      SeeInvis .   P - +2 demon whip (venom)
rCold   x . .      Faith    .   e - +18 shield of the Gong {rElec rN+ Will+ EV-5}
rNeg    + + .      Spirit   .   N - +1 swamp dragon scales
rPois   ∞          Reflect  .   K - +1 helmet
rElec   +          Harm     .   c - +1 cloak of Terror {rF+ Will+ Dex+2}
rCorr   .          Rampage  .   L - +1 pair of gloves
Will    +++..                   G - +1 pair of boots
Stlth   +.........              k - amulet of regeneration
HPRegen 1.05/turn               m - +4 ring of evasion
MPRegen 0.25/turn               v - ring of fire

@: flying
A: sickness immunity, AC +12, big wings, negative energy resistance 1,
electricity resistance, torment resistance 1, petrification resistance
a: Renounce Religion


You were on level 3 of the Swamp.
You worshipped Vehumet.
Vehumet was extremely pleased with you.
You visited 5 branches of the dungeon, and saw 27 of its levels.

You collected 3588 gold pieces.
You spent 1309 gold pieces at shops.

Inventory:

Hand Weapons
 a - a +2 flail of protection
 C - a +3 whip of electrocution
 P - a +2 demon whip of venom (weapon)
Armour
 c - the +1 cloak of Terror (worn) {rF+ Will+ Dex+2}
   (You acquired it on level 7 of the Dungeon)

   Dex:       It affects your dexterity (+2).
   rF:        It protects you from fire.
   Will:      It increases your willpower.
 e - the +18 shield of the Gong (worn) {rElec rN+ Will+ EV-5}
   (You bought it in a shop on level 7 of the Dungeon)

   It is deafeningly noisy when blocking attacks.
   EV:        It affects your evasion (-5).
   rElec:     It insulates you from electricity.
   rN:        It protects you from negative energy.
   Will:      It increases your willpower.
 F - a +0 helmet of intelligence
 G - a +1 pair of boots (worn)
 K - a +1 helmet (worn)
 L - a +1 pair of gloves (worn)
 N - +1 swamp dragon scales (worn)
 Q - a +2 cloak
Magical Staves
 t - a staff of poison
Jewellery
 h - a ring of protection from cold
 k - an amulet of regeneration (around neck)
 m - a +4 ring of evasion (left hand)
 v - a ring of fire (right hand)
 A - an amulet of magic regeneration
 E - a ring of protection from fire
 H - a ring of see invisible
Wands
 d - a wand of paralysis (8)
 u - a wand of quicksilver (20)
 x - a wand of mindburst (16)
 y - a wand of roots (24) (quivered)
 J - a wand of digging (10)
 M - a wand of flame (66)
 O - a wand of polymorph (9)
Scrolls
 g - 2 scrolls of summoning
 i - 12 scrolls of identify
 j - 2 scrolls of fear
 l - 4 scrolls of fog
 w - a scroll of poison
 z - 3 scrolls of blinking
 D - 11 scrolls of teleportation
 R - 7 scrolls of magic mapping
 S - 4 scrolls of amnesia
 T - a scroll of enchant weapon
Potions
 b - 2 potions of magic
 f - 3 potions of brilliance
 n - 7 potions of resistance
 o - 6 potions of curing
 p - 3 potions of might
 q - a potion of cancellation
 r - 3 potions of mutation
 s - a potion of heal wounds
 I - 3 potions of ambrosia


   Skills:
 + Level 5.0 Fighting
 + Level 0.2 Short Blades
 + Level 5.5 Maces & Flails
 + Level 6.8 Armour
 + Level 5.8 Dodging
 - Level 2.1 Stealth
 + Level 5.8 Shields
 + Level 16.1 Spellcasting
 * Level 15.8 Conjurations
 + Level 3.0 Transmutations
 + Level 13.8 Fire Magic
 + Level 9.0 Earth Magic
 + Level 6.1 Poison Magic


You had 17 spell levels left.
You knew the following spells:

 Your Spells              Type           Power      Damage    Failure   Level
a - Foxfire               Conj/Fire      100%       2x1d9     1%          1
b - Scorch                Fire           100%       2d10      1%          2
c - Conjure Flame         Conj/Fire      96%        6-21      1%          3
d - Flame Wave            Conj/Fire      96%        2d20      1%          4
e - Sandblast             Erth           100%       2d20      1%          1
f - Sticky Flame          Conj/Fire      96%        2d11      1%          4
g - Shock                 Conj/Air       100%       1d9       1%          1
h - Stone Arrow           Conj/Erth      100%       3d13      1%          3
i - Fireball              Conj/Fire      48%        3d19      1%          5
j - Olgreb's Toxic Radia  Pois           50%        N/A       3%          4
k - Ignite Poison         Fire/Tmut/Pois 73%        N/A       1%          3

Your spell library contained the following spells:

 Spells                   Type           Power      Damage    Failure   Level
 Magic Dart               Conj           100%       1d8       0%          1
 Passwall                 Tmut/Erth      41%        N/A       1%          2
 Static Discharge         Conj/Air       56%        3-10/arc  1%          2
 Inner Flame              Hex/Fire       70%        N/A       1%          3
 Mephitic Cloud           Conj/Pois/Air  54%        N/A       1%          3
 Hailstorm                Conj/Ice       56%        3d12      1%          4
 Iskenderun's Battlesphe  Conj           79%        2d13      1%          5
 Freeze                   Ice            80%        1d9       4%          1
 Iron Shot                Conj/Erth      35%        9d7       4%          6
 Orb of Destruction       Conj           39%        9d11      5%          7
 Frozen Ramparts          Ice            40%        1d7       13%         3
 Freezing Cloud           Conj/Ice/Air   23%        6-21      13%         5
 Call Imp                 Summ           20%        N/A       24%         2
 Call Canine Familiar     Summ           20%        N/A       43%         3
 Confusing Touch          Hex            20%        N/A       43%         3
 Summon Guardian Golem    Hex/Summ       20%        N/A       43%         3
 Yara's Violent Unravell  Hex/Tmut       13%        3d7       50%         5
 Corpse Rot               Necr/Pois/Air  30%        N/A       54%         4
 Borgnjor's Vile Clutch   Necr/Erth      21%        N/A       56%         5
 Ice Form                 Ice/Tmut       27%        N/A       63%         4
 Ignition                 Fire           47%        3d13      63%         8
 Spellforged Servitor     Conj/Summ      28%        N/A       75%         7
 Animate Dead             Necr           20%        N/A       83%         4
 Dispel Undead            Necr           20%        3d11      83%         4
 Summon Ice Beast         Ice/Summ       20%        N/A       83%         4
 Summon Mana Viper        Hex/Summ       20%        N/A       99%         5
 Death Channel            Necr           10%        N/A       100%        6
 Dispersal                Tloc           10%        N/A       100%        6
 Simulacrum               Ice/Necr       10%        N/A       100%        6
 Summon Cactus Giant      Summ           10%        N/A       100%        6
 Enfeeble                 Hex            10%        N/A       100%        7
 Haunt                    Necr/Summ      10%        N/A       100%        7
 Monstrous Menagerie      Summ           10%        N/A       100%        7
 Ozocubu's Refrigeration  Ice            10%        4d9       100%        7
 Disjunction              Tloc           10%        N/A       100%        8
 Chain Lightning          Conj/Air       28%        3d37      100%        9
 Fire Storm               Conj/Fire      48%        8d12      100%        9
 Shatter                  Erth           30%        3d25*     100%        9


Dungeon Overview and Level Annotations

Branches:
Dungeon (15/15)            Temple (1/1) D:4            Lair (5/5) D:9
  Swamp (4/4) Lair:2       Spider (0/4) Lair:2        Slime (0/5) Lair:4
    Orc (2/2) D:11            Elf (0/3) Orc:2        Vaults (0/5) D:14
 Depths (0/4) D:15

Altars:
Ashenzari
Cheibriados
Dithmenos
Elyvilon
Fedhas
Gozag
Hepliaklqana
Kikubaaqudgha
Makhleb
Nemelex Xobeh
Okawaru
Qazlal
Ru
Sif Muna
Trog
Uskayaw
Vehumet
Wu Jian
Xom
Yredelemnul
Zin
The Shining One
Jiyva

Shops:
D:7 [[[   D:8 !   D:12 (   D:13 [   Orc:2 [=*(

Annotations:
Lair:5 2 transporters, 1 runed translucent door, exclusions: 2 ice statues and oklob plant, Camille's ghost, journeyman HuIE
Swamp:1 2 transporters, Zoigrime's ghost, adept FoFi
Swamp:3 Lernaean hydra


Innate Abilities, Weirdness & Mutations

You are immune to sickness and miasma.
Your stone body is resilient. (AC +12)
You are immune to poison.
Your large and strong wings let you fly.
You resist negative energy. (rN+)
You are resistant to electric shocks. (rElec)
You are resistant to unholy torment.
You are immune to petrification.


Message History

The 27-headed Lernaean hydra bites you.
* * * LOW HITPOINT WARNING * * *
The 27-headed Lernaean hydra bites you!
* * * LOW HITPOINT WARNING * * *
The 27-headed Lernaean hydra bites you but does no damage. x2
The 27-headed Lernaean hydra barely misses you.
The 27-headed Lernaean hydra closely misses you.
You block the 27-headed Lernaean hydra's attack.
BOUMMMMG!
You block the 27-headed Lernaean hydra's attack.
BONNNG!
The 27-headed Lernaean hydra bites you but does no damage. x6
The 27-headed Lernaean hydra bites you.
* * * LOW HITPOINT WARNING * * *
The 27-headed Lernaean hydra bites you but does no damage.
Okay, then.
Unknown command.
You feel much better.
The 27-headed Lernaean hydra bites you but does no damage.
You block the 27-headed Lernaean hydra's attack.
GONNNNG!
The 27-headed Lernaean hydra bites you but does no damage. x2
You block the 27-headed Lernaean hydra's attack.
GONNNNG!
The 27-headed Lernaean hydra completely misses you.
The 27-headed Lernaean hydra bites you.
* * * LOW HITPOINT WARNING * * *
The 27-headed Lernaean hydra bites you but does no damage.
The 27-headed Lernaean hydra bites you!
* * * LOW HITPOINT WARNING * * *
The 27-headed Lernaean hydra bites you but does no damage. x2
You block the 27-headed Lernaean hydra's attack.
BOUMMMMG!
The 27-headed Lernaean hydra bites you but does no damage. x2
The 27-headed Lernaean hydra bites you.
* * * LOW HITPOINT WARNING * * *
The 27-headed Lernaean hydra barely misses you.
The 27-headed Lernaean hydra bites you but does no damage.
The 27-headed Lernaean hydra bites you.
You die...

♣ ♣♣.....♣.~..~.§.~~~ ♣ ♣♣♣
♣♣.~...~.§~..~.~..~ ♣♣♣♣♣♣♣♣~♣♣♣♣
♣.[.~..~..~......~.
♣..~~~♣♣♣..~♣♣♣♣.[~§.~..........~
.~~~~.♣♣♣...♣♣~♣~...~.~~.~.......
.~~~~...~~~...~♣~..~~♣.~.~.#..#..
~~~~~~~~.~~~...♣♣.§~~~..♣~..###..
...~~~~~~~~....~♣D..~~.~♣♣~..##..
..~~.~~~~~~~~~~~@♣♣♣♣~~.~....##..
~...♣♣♣♣♣~.~~~~~.♣♣♣♣♣.~♣♣...##.#
~[♣~~~.~♣..~~~.~♣♣..~♣♣♣~.....###
.♣..........~~..♣♣~~.♣♣♣..§......
...~...)~~~~~~♣♣♣♣~~~~♣♣..~......
§.~~~~.~~~~~♣♣♣♣♣♣♣~~.~~.~....~..
~~§~.....~~♣♣♣≈≈≈♣♣§~~~..~....~..
~~~~..~♣♣♣~~♣♣≈≈≈≈≈..~~.~♣♣♣♣♣♣..
.~~~..~♣♣♣♣.♣♣♣≈≈♣♣~.~~~♣♣ ♣♣.


You could see the 27-headed Lernaean hydra.

Vanquished Creatures
  Jorgrun (D:15)
  A tentacled monstrosity (Swamp:3)
  Gastronok (Orc:1)
  A thorn hunter (Swamp:1)
  An emperor scorpion (shapeshifter) (D:13)
  2 orc warlords (Orc:2)
  2 stone giants
  2 eleionomae
  4 bunyips
  An ettin (Orc:1)
  23 hydras
  3 boulder beetles
  Erolcha (Orc:1)
  5 centaur warriors
  2 ghost crabs
  A death knight (D:13)
  8 vault guards
  An ogre mage (D:15)
  12 alligators
  Erica (Orc:1)
  4 tengu warriors
  10 two-headed ogres
  7 orc high priests
  Sonja (D:13)
  2 slime creatures (D:15)
  Amaemon (D:9)
  3 goliath frogs
  3 spriggan druids
  6 swamp dragons
  A lindwurm (Lair:5)
  3 orc knights
  4 bog bodies
  The ghost of Plasmagod the Carver, a novice VSFi of Makhleb (D:8)
  Pikel (D:9)
  3 deep elf pyromancers
  10 cyclopes
  2 oklob plants (Lair:1)
  2 manticores
  5 orc sorcerers
  11 ugly things
  5 black mambas
  5 torpor snails (Lair:5)
  3 gargoyles
  6 cane toads
  An orange demon (D:9)
  Maggie (D:9)
  2 kobold demonologists
  7 komodo dragons
  2 efreet
  3 freezing wraiths
  A tengu conjurer (D:15)
  5 yaktaurs
  A bloated husk (Swamp:4)
  4 polar bears
  4 meliai
  8 trolls
  11 hornets
  10 tyrant leeches
  11 dream sheep
  15 blink frogs
  5 jumping spiders (Lair:2)
  5 wraiths
  6 spriggans
  A centaur simulacrum (D:15)
  A culicivora (Lair:2)
  47 yaks
  6 wyverns
  4 basilisks
  4 vampire mosquitoes (D:12)
  3 steam dragons
  3 redbacks (Lair:2)
  Menkaure (D:5)
  10 swamp worms
  18 wargs
  2 acid dragons
  16 water moccasins
  11 swamp drakes
  2 hell hounds (D:9)
  2 ice beasts (D:8)
  37 orc warriors
  A black bear (D:5)
  An ogre (shapeshifter) (D:15)
  4 ogres
  22 wolves
  6 centaurs
  3 lemures (D:9)
  4 kobold brigands
  3 phantoms
  4 necrophages
  13 bullfrogs
  4 gnoll sergeants (D:9)
  2 scorpions (D:6)
  5 wights (D:6)
  10 killer bees
  9 howler monkeys
  2 electric eels (D:9)
  A crimson imp (Orc:2)
  13 orc priests
  2 jellies (D:8)
  6 gnoll boudas (D:9)
  7 hounds
  Crazy Yiuf (D:2)
  An iron imp (Orc:1)
  3 iguanas
  19 orc wizards
  11 gnolls
  7 adders
  2 shadow imps
  2 white imps
  2 worms
  2 dart slugs
  57 orcs
  5 endoplasms
  3 giant cockroaches
  7 goblins
  12 hobgoblins
  3 quokkas
  5 ball pythons
  2 bats
  2 frilled lizards
  7 kobolds
  2 rats
719 creatures vanquished.

Vanquished Creatures (collateral kills)
  4 foxfires (Lair:3)
4 creatures vanquished.

Vanquished Creatures (others)
  1228 foxfires
  26 fungi
  85 plants
1339 creatures vanquished.

Grand Total: 2062 creatures vanquished

Notes
Turn   | Place    | Note
-------+----------+-------------------------------------------
     0 | D:1      | funkygono the Gargoyle Fire Elementalist began the quest
                  | for the Orb.
     0 | D:1      | Reached XP level 1. HP: 10/10 MP: 3/3
     7 | D:1      | Noticed a polar bear
     7 | D:1      | Noticed a hog
     8 | D:1      | Noticed a swamp drake
     8 | D:1      | Noticed an iguana
   286 | D:1      | Reached XP level 2. HP: 15/15 MP: 0/5
   360 | D:1      | Learned a level 2 spell: Scorch
  1510 | D:2      | Reached XP level 3. HP: 16/19 MP: 1/6
  1514 | D:2      | Learned a level 3 spell: Conjure Flame
  2433 | D:2      | Found a runed translucent door.
  2434 | D:2      | Noticed Crazy Yiuf
  2439 | D:2      | Killed Crazy Yiuf
  2440 | D:2      | Reached skill level 3 in Spellcasting
  2440 | D:2      | Reached XP level 4. HP: 24/24 MP: 3/8
  2741 | D:3      | Reached XP level 5. HP: 28/28 MP: 5/9
  2785 | D:3      | Learned a level 4 spell: Flame Wave
  2900 | D:3      | Reached skill level 1 in Maces & Flails
  3404 | D:3      | Reached XP level 6. HP: 33/33 MP: 8/11
  3663 | D:3      | Identified a scroll of acquirement
  3663 | D:3      | Acquired 867 gold pieces
  4297 | D:4      | Found a staircase to the Ecumenical Temple.
  4307 | Temple   | Entered the Ecumenical Temple
  4373 | Temple   | Became a worshipper of Vehumet
  4807 | D:5      | Entered Level 5 of the Dungeon
  4819 | D:5      | Noticed Menkaure
  4827 | D:5      | Killed Menkaure
  4828 | D:5      | Reached skill level 4 in Spellcasting
  4884 | D:5      | Found a shadowy altar of Dithmenos.
  4939 | D:5      | Reached skill level 1 in Fighting
  4939 | D:5      | Reached XP level 7. HP: 38/38 MP: 10/13
  5043 | D:5      | Noticed a hornet
  5071 | D:5      | Killed a hornet
  5072 | D:5      | Reached skill level 5 in Fire Magic
  5331 | D:5      | Reached skill level 5 in Spellcasting
  5372 | D:5      | Identified the +11 chain mail of Xeanig {rF+}
  5416 | D:5      | Reached XP level 8. HP: 37/44 MP: 13/15
  5703 | D:5      | Reached * piety under Vehumet
  5703 | D:5      | Offered knowledge of Sandblast by Vehumet.
  5818 | D:5      | Reached skill level 6 in Spellcasting
  6033 | D:5      | Learned a level 1 spell: Sandblast
  6086 | D:6      | Reached XP level 9. HP: 42/48 MP: 1/18
  6091 | D:6      | Learned a level 4 spell: Sticky Flame
  6373 | D:6      | Reached skill level 7 in Spellcasting
  7098 | D:7      | Found Giela's Antique Armour Shoppe.
  7099 | D:7      | Identified the +2 robe "Doykaqes" {rF- rCorr Int-3
                  | Archmagi}
  7159 | D:7      | Found Loomay's Armour Shop.
  7183 | D:7      | Bought a +0 helmet for 67 gold pieces
  7294 | D:7      | Reached skill level 5 in Conjurations
  7341 | D:7      | Found Leem's General Store.
  7427 | D:7      | Found Piol's General Store.
  7429 | D:7      | Found Onyaz's Armour Shop.
  7511 | D:7      | Acquired the +1 cloak of Terror {rF+ Will+ Dex+2}
  7536 | D:8      | Found Jued's Distillery.
  7557 | D:8      | Bought a potion of heal wounds for 75 gold pieces
  7569 | D:8      | Reached skill level 8 in Spellcasting
  7614 | D:8      | Found a runed translucent gate.
  7615 | D:8      | Found a runed translucent gate.
  7622 | D:8      | Offered knowledge of Shock by Vehumet.
  7623 | D:8      | Found a runed translucent gate.
  7625 | D:8      | Reached ** piety under Vehumet
  7758 | D:8      | Reached XP level 10. HP: 54/54 MP: 16/22
  7760 | D:8      | Noticed a centaur warrior
  7761 | D:8      | Noticed Plasmagod's ghost (novice VSFi)
  7914 | D:8      | Noticed a two-headed ogre
  7941 | D:8      | Killed a two-headed ogre
  8034 | D:8      | Found a hide-covered altar of Uskayaw.
  8036 | D:8      | Found a stormy altar of Qazlal.
  8208 | D:8      | Learned a level 1 spell: Shock
  8226 | D:9      | Reached skill level 9 in Spellcasting
  8378 | D:9      | Noticed a kobold demonologist
  8384 | D:9      | Killed a kobold demonologist
  8434 | D:9      | Noticed a two-headed ogre
  8442 | D:9      | Killed a two-headed ogre
  8514 | D:9      | Found a basalt altar of Yredelemnul.
  8540 | D:9      | Offered knowledge of Dazzling Flash by Vehumet.
  8543 | D:9      | Reached XP level 11. HP: 55/59 MP: 19/24
  8549 | D:9      | Reached skill level 10 in Fire Magic
  8614 | D:9      | Found a staircase to the Lair.
  8620 | D:9      | Reached *** piety under Vehumet
  8755 | D:9      | Noticed an orc sorcerer
  8761 | D:9      | Killed an orc sorcerer
  8762 | D:9      | Reached skill level 10 in Spellcasting
  8855 | D:9      | Noticed a cyclops
  8863 | D:9      | Killed a cyclops
  9112 | D:9      | Noticed a two-headed ogre
  9125 | D:9      | Killed a two-headed ogre
  9169 | D:9      | Identified the +8 trident of Harmony {vamp, Str+3}
  9211 | D:9      | Noticed a two-headed ogre
  9235 | D:9      | Killed a two-headed ogre
  9342 | D:9      | Offered knowledge of Airstrike by Vehumet.
  9415 | D:9      | Noticed a cyclops
  9426 | D:9      | Killed a cyclops
  9577 | D:9      | Noticed Maggie
  9585 | D:9      | Killed Maggie
  9843 | D:9      | Reached **** piety under Vehumet
  9929 | D:9      | Noticed Pikel
  9938 | D:9      | Killed Pikel
 10033 | D:9      | Got the Parchment of the Summoned Caves
 10044 | D:9      | Found a bloodstained altar of Trog.
 10063 | D:9      | Noticed Amaemon
 10073 | D:9      | Killed Amaemon
 10074 | D:9      | Reached skill level 11 in Spellcasting
 10074 | D:9      | Reached XP level 12. HP: 60/64 MP: 17/27
 10406 | D:9      | Offered knowledge of Irradiate by Vehumet.
 10759 | D:9      | Reached skill level 1 in Armour
 10959 | D:9      | Learned a level 3 spell: Stone Arrow
 11016 | D:10     | Entered Level 10 of the Dungeon
 11674 | D:10     | Found a faded altar of an unknown god.
 11726 | D:10     | Found a faded altar of an unknown god.
 11728 | D:10     | Found a hazy altar of Hepliaklqana.
 12100 | D:11     | Noticed a two-headed ogre
 12104 | D:11     | Killed a two-headed ogre
 12318 | D:11     | Found a staircase to the Orcish Mines.
 12326 | D:11     | Reached skill level 1 in Earth Magic
 12369 | D:11     | Reached skill level 12 in Spellcasting
 12542 | D:11     | Noticed a seven-headed hydra
 12553 | D:11     | Killed a seven-headed hydra
 12554 | D:11     | HP: 2/64 [troll (11)]
 13011 | Lair:1   | Entered Level 1 of the Lair of Beasts
 13058 | Lair:1   | Noticed a five-headed hydra
 13069 | Lair:1   | Killed a five-headed hydra
 13255 | Lair:1   | Reached XP level 13. HP: 70/70 MP: 26/29
 13290 | Lair:1   | Reached ***** piety under Vehumet
 13293 | Lair:1   | Offered knowledge of Fireball by Vehumet.
 13481 | Lair:1   | Learned a level 5 spell: Fireball
 13664 | Lair:1   | Reached skill level 10 in Conjurations
 14185 | Lair:2   | Found a hole to the Spider Nest.
 14302 | Lair:2   | Found a staircase to the Swamp.
 16082 | Lair:4   | Offered knowledge of Lee's Rapid Deconstruction by Vehumet.
 16083 | Lair:4   | Reached skill level 13 in Spellcasting
 16102 | Lair:4   | Reached skill level 5 in Armour
 16104 | Lair:4   | Reached skill level 5 in Earth Magic
 16370 | Lair:4   | Reached skill level 5 in Dodging
 16370 | Lair:4   | Gained mutation: Your large and strong wings let you fly.
                  | [Gargoyle growth]
 16370 | Lair:4   | Reached XP level 14. HP: 76/76 MP: 14/31
 16581 | Lair:4   | Found a staircase to the Slime Pits.
 16582 | Lair:4   | Found a viscous altar of Jiyva.
 17054 | Lair:5   | Entered Level 5 of the Lair of Beasts
 17585 | Lair:5   | Found a transporter.
 17761 | Lair:5   | Found a transporter.
 17963 | Lair:5   | Noticed Camille's ghost (journeyman HuIE)
 18170 | Lair:5   | Found a runed translucent door.
 18845 | Lair:5   | Learned a level 4 spell: Olgreb's Toxic Radiance
 18849 | Lair:5   | Learned a level 3 spell: Ignite Poison
 18990 | D:7      | Bought the +18 shield of the Gong {rElec rN+ Will+ EV-5}
                  | for 1167 gold pieces
 18990 | D:7      | Found the +18 shield of the Gong {rElec rN+ Will+ EV-5}
 19221 | D:8      | Offered knowledge of Spellforged Servitor by Vehumet.
 19229 | D:8      | Killed Plasmagod's ghost
 19899 | D:12     | Found Anol's Weapon Emporium.
 20312 | D:13     | Reached skill level 1 in Shields
 20431 | D:13     | Found Bubbub's Armour Emporium.
 20452 | D:13     | Reached skill level 14 in Spellcasting
 20628 | D:13     | Reached skill level 1 in Poison Magic
 20909 | D:13     | Noticed Sonja
 20910 | D:13     | Noticed a stone giant
 20929 | D:13     | Killed Sonja
 21976 | D:13     | Reached XP level 15. HP: 68/80 MP: 4/33
 22211 | D:14     | Reached skill level 5 in Maces & Flails
 22953 | D:14     | Reached skill level 1 in Transmutations
 23141 | D:14     | Found a gate to the Vaults.
 23171 | D:14     | Found a snail-covered altar of Cheibriados.
 23827 | D:15     | Entered Level 15 of the Dungeon
 24000 | D:15     | Offered knowledge of Conjure Ball Lightning by Vehumet.
 24280 | D:15     | Noticed Jorgrun
 24540 | D:15     | Killed Jorgrun
 25359 | D:15     | Found a staircase to the Depths.
 25917 | D:13     | Noticed an emperor scorpion
 25937 | D:13     | Killed an emperor scorpion
 26103 | Orc:1    | Entered Level 1 of the Orcish Mines
 26115 | Orc:1    | Noticed Gastronok
 26291 | Orc:1    | Reached skill level 5 in Poison Magic
 26296 | Orc:1    | Killed Gastronok
 26474 | Orc:2    | Entered Level 2 of the Orcish Mines
 26474 | Orc:2    | Found a staircase to the Elven Halls.
 26481 | Orc:2    | Noticed an orc warlord
 26482 | Orc:2    | Reached skill level 15 in Spellcasting
 26484 | Orc:2    | Reached XP level 16. HP: 86/86 MP: 21/35
 27079 | Orc:2    | Found Yfomp's Jewellery Emporium.
 27424 | Orc:2    | Found Kargh's Antique Armour Boutique.
 27494 | Orc:2    | Identified the +1 hat of the Present {rElec rPois Str+4
                  | Stlth+}
 27529 | Orc:2    | Found Ybyxuc's General Store.
 27558 | Orc:2    | Found Huehuq's Antique Weapon Emporium.
 27950 | Orc:1    | Noticed Erica
 27953 | Orc:1    | Killed Erica
 28119 | Orc:1    | Noticed Erolcha
 28123 | Orc:1    | Killed Erolcha
 28661 | D:11     | Identified the +0 flail of Diet Blood {elec, Dex+4 Stlth-}
 28812 | Swamp:1  | Entered Level 1 of the Swamp
 29051 | Swamp:1  | Noticed a thorn hunter
 29070 | Swamp:1  | Killed a thorn hunter
 29412 | Swamp:1  | Offered knowledge of Iron Shot by Vehumet.
 29602 | Swamp:1  | Noticed Zoigrime's ghost (adept FoFi)
 29621 | Swamp:1  | Found a transporter.
 29625 | Swamp:1  | Found a transporter.
 29987 | Swamp:2  | Reached skill level 5 in Shields
 31199 | Swamp:2  | Identified the +12 dagger of Checkmate {vorpal, Dex+2}
 31336 | Swamp:3  | Reached skill level 15 in Conjurations
 32434 | Swamp:4  | Entered Level 4 of the Swamp
 32461 | Swamp:4  | Reached XP level 17. HP: 90/90 MP: 30/36
 32472 | Swamp:4  | Reached skill level 16 in Spellcasting
 32614 | Swamp:4  | Noticed a tentacled monstrosity
 32779 | Swamp:3  | Killed a tentacled monstrosity
 32923 | Swamp:4  | Reached skill level 5 in Fighting
 33382 | Swamp:4  | Noticed the 27-headed Lernaean hydra
 33403 | Swamp:3  | HP: 4/92 [the 27-headed Lernaean hydra (3)]
 33611 | Swamp:3  | HP: 3/92 [the 27-headed Lernaean hydra (9)]
 33612 | Swamp:3  | HP: 1/92 [the 27-headed Lernaean hydra (2)]
 33613 | Swamp:3  | Slain by the 27-headed Lernaean hydra

Illustrated notes

Levels and vault maps discovered:
D:1:      onia_arrival_zoo_common, layout_basic, serial_rivers,
          chequers_serial_rivers_large_a, chequers_serial_rivers_marsh,
          chequers_serial_rivers_marsh, chequers_serial_rivers_micro_c
D:2:      layout_basic, uniq_crazy_yiuf_cottage
D:3:      layout_basic
D:4:      layout_loops_ring, lemuel_temple_firewalk_b, kennysheep_nondescript
D:5:      layout_rooms, nicolae_dithmenos_the_darkroom, minmay_quadrilaterals,
          uniq_menkaure
D:6:      layout_rooms, portal_sewer_entry_d
D:7:      layout_rooms, serial_shops, kennysheep_little_box,
          nicolae_shop_overgrown_old_shop, nicolae_square_shop, kennysheep_mini,
          shop
D:8:      layout_rooms, jmf_multi_god_temple, serial_shops, shop,
          gammafunk_ghost_split
D:9:      lemuel_castle_with_subvaults [lemuel_castle_interior_carwin_1],
          layout_stronghold, bloody_trog, mainiacjoe_overflow_tiny_flanked,
          erik_lair_island, kennysheep_generic_room_2, uniq_maggie, uniq_pikel,
          uniq_amaemon
D:10:     layout_basic, nicolae_hepliaklqana_ecumenical_no_more, uniq_grum
D:11:     layout_roguey, david_orc_1_choice
D:12:     layout_loops_ring, serial_shops, nicolae_take_the_stairs
D:13:     layout_loops_ring, serial_shops, shop_statue, kennysheep_doodads,
          serial_bayou_pond_c, onia_ninara_dug_in_and_dangerous, uniq_sonja
D:14:     layout_rooms, erik_vaults_2, cheibriados_altar_1, minmay_diced_spiral
D:15:     grunt_enter_depths_snipers, layout_loops_corners, dk_noncrumbling_2,
          uniq_jorgrun
Temple:   eino_temple_scatter_basement
Lair:1:   minmay_lair_oklob_chamber, layout_cave_shapes,
          chequers_serial_rivers_small_a, grunt_megastairs_5
Lair:2:   layout_big_grid, swamp_mist, nicolae_spider_entry_tight_spaces,
          infiniplex_staircase_pool_2
Lair:3:   layout_concentric_octagons, serial_bayou_shore_b, serial_bayou_shore_b
Lair:4:   layout_roguey, slime_entry_1, serial_bayou_shore_b
Lair:5:   wormcave, layout_regular_city, nzn_ghost_randoct
Swamp:1:  layout_falls_marsh, gammafunk_ghost_mausoleum, hangedman_swamp_cone,
          swamp_pool3
Swamp:2:  layout_falls_marsh, nicolae_swamp_some_circles, swamp_pool1,
          nicolae_swamp_baby_hydras
Swamp:3:  layout_basic_swamp, hangedman_swamp_ruin_wall, swamp_pool5,
          nicolae_swamp_oxbows
Swamp:4:  swamp_old_school, layout_basic_swamp
Orc:1:    nicolae_orc_accident_2, layout_caves, basic_altar, uniq_erica,
          uniq_erolcha, uniq_gastronok
Orc:2:    grunt_orc_gardens, layout_caves, grunt_orc_garden, grunt_orc_garden,
          grunt_orc_garden, grunt_orc_garden, basic_altar, hangedman_minor_magic

Skill      XL: |  1  2  3  4  5  6  7  8  9 10 11 12 13 14 15 16 17 |
---------------+----------------------------------------------------+-----
Dodging        | 2 3 4 5 |  5.8
Spellcasting   | 3 4 5 6 8 9 11 12 13 14 15 16 | 16.1
Fire Magic     | 4 5 6 8 9 11 12 13 | 13.8
Maces & Flails | 1 2 3 4 5 |  5.5
Conjurations   | 2 3 4 5 7 8 9 11 12 13 15 | 15.8
Fighting       | 1 2 3 4 5 |  5.0
Armour         | 3 5 6 |  6.8
Earth Magic    | 2 5 7 8 9 |  9.0
Shields        | 3 4 5 |  5.8
Poison Magic   | 1 5 6 |  6.1
Transmutations | 2 3 |  3.0
Short Blades   | |  0.2
Stealth        | |  2.1

Action                   |  1- 3 |  4- 6 |  7- 9 | 10-12 | 13-15 | 16-18 || total
-------------------------+-------+-------+-------+-------+-------+-------++-------
Melee: Dagger            |     2 |       |       |       |       |       ||     2
       Club              |    19 |       |       |       |       |       ||    19
       Mace              |       |    22 |    41 |       |       |       ||    63
       Punch             |       |       |     1 |       |       |       ||     1
       Whip              |       |       |    17 |   110 |   114 |       ||   241
       Demon whip        |       |       |       |       |    23 |    60 ||    83
 Cast: Foxfire           |    57 |    49 |   145 |   316 |   128 |    12 ||   707
       Scorch            |     6 |     6 |    45 |    78 |    16 |     6 ||   157
       Flame Wave        |       |       |     2 |    19 |    31 |     9 ||    61
       Stone Arrow       |       |       |       |    35 |   257 |   146 ||   438
       Sandblast         |       |       |       |     5 |       |       ||     5
       Ignite Poison     |       |       |       |       |    64 |    34 ||    98
       Olgreb's Toxic Ra |       |       |       |       |    61 |    41 ||   102
       Fireball          |       |       |       |       |     8 |    96 ||   104
       Conjure Flame     |       |       |       |       |     1 |       ||     1
Evoke: Wand              |       |       |       |       |     1 |     4 ||     5
  Use: Scroll            |       |    17 |     6 |     6 |     8 |     1 ||    38
       Potion            |       |       |       |     1 |     2 |     7 ||    10
Armor: Robe              |    11 |     8 |    30 |    28 |       |       ||    77
       Swamp dragon scal |       |       |       |    87 |   152 |   223 ||   462
Dodge: Dodged            |    19 |    35 |   117 |   242 |   151 |    64 ||   628
Block: Kite shield       |       |       |       |       |   281 |   279 ||   560
